 Dungeon Crawl Stone Soup version 0.19.3-1-g3169bf9 (webtiles) character file.

23 Gargoyl the Skirmisher (level 2, 0/27 HPs)
             Began as a Ghoul Abyssal Knight on Jan 25, 2017.
             Was a Follower of Lugonu.
             Slain by a shadow imp (2 damage)
             ... summoned by Natasha
             ... on level 2 of the Dungeon.
             The game lasted 00:02:36 (1345 turns).

Gargoyl the Skirmisher (Ghoul Abyssal Knight)       Turns: 1345, Time: 00:02:37

Health: 0/27       AC: 10    Str: 15    XL:     2   Next: 95%
Magic:  2/2        EV:  4    Int: 12    God:    Lugonu [*.....]
Gold:   47         SH:  0    Dex:  8    Spells: 0 memorised, 1 level left

rFire  . . .     SeeInvis .     a - +1 hand axe
rCold  + . .     Gourm    .     d - +0 plate armour
rNeg   + + +     Faith    .     (no shield)
rPois  ∞         Spirit   .     (no helmet)
rElec  .         Reflect  .     (no cloak)
rCorr  .         Harm     .     (no gloves)
MR     +....                    (no boots)
Stlth  ..........               (no amulet)
                                (no ring)
                                g - ring of protection from magic

@: brilliant, rotting
A: rotting body, claws 1, carnivore 3, cold resistance 1, negative energy
resistance 3, slow regeneration 1, torment resistance, unbreathing
a: Depart the Abyss, Renounce Religion


You were on level 2 of the Dungeon.
You worshipped Lugonu.
Lugonu was aware of your devotion.
You were not hungry.

You visited 1 branch of the dungeon, and saw 2 of its levels.
You visited the Abyss 1 time.

You collected 47 gold pieces.

Inventory:

Hand Weapons
 a - a +1 hand axe (weapon)
Missiles
 f - 6 javelins (quivered)
Armour
 d - a +0 plate armour (worn)
Jewellery
 g - a ring of protection from magic (left claw)
 n - an uncursed ring of resist corrosion {unknown}
Scrolls
 b - a scroll of enchant weapon {unknown}
 j - a scroll of immolation {unknown}
 m - a scroll of noise {unknown}
Comestibles
 c - a meat ration
 h - a beef jerky
 i - a chunk of flesh


   Skills:
 + Level 4.0 Fighting
 + Level 1.9 Axes
 * Level 2.0 Armour
 + Level 0.8 Dodging
 * Level 2.4 Invocations


You had one spell level left.
You didn't know any spells.

Dungeon Overview and Level Annotations

Branches:
Dungeon (2/15)

Altars:

Annotations:
D:2 Natasha


Innate Abilities, Weirdness & Mutations

Your body is rotting away.
You thrive on raw meat.
You are immune to poison.
You have sharp fingernails.
You are carnivorous and can eat meat at any time.
Your flesh is cold resistant. (rC+)
You are immune to negative energy. (rN+++)
You regenerate slowly when monsters are visible.
You are immune to unholy pain and torment.
You can survive without breathing.


Message History

The puff of frost hits you! You resist. The shadow imp barely misses you.
Natasha claws you.
* * * LOW HITPOINT WARNING * * *
Your plate armour prevents you from hitting Natasha.
Natasha is almost dead.
You hit the white imp but do no damage.
You hit the shadow imp but do no damage.
The white imp gestures at you. The puff of frost hits you! You resist.
* * * LOW HITPOINT WARNING * * *
The shadow imp barely misses you. Natasha casts a spell at you.
The magic dart hits you!
Your plate armour prevents you from hitting Natasha.
Natasha is almost dead.
Your plate armour prevents you from hitting the shadow imp.
Your plate armour prevents you from hitting the white imp.
The white imp hits you but does no damage.
The shadow imp hits you.
You die...

#.........# #
#.........# ##
#.........#
#.###..(......#.
......?........
#..........#
#.....5....#
#.<.5@h....#
#.......(..#
#.....######
.....#### ######


You could see Natasha, a white imp and a shadow imp.

Vanquished Creatures
  An ooze (D:1)
  A dart slug (D:1)
  2 goblins (D:1)
  2 hobgoblins (D:1)
  4 bats (D:1)
  A frilled lizard (D:1)
  6 rats (D:1)
17 creatures vanquished.

Notes
Turn   | Place    | Note
-------+----------+-------------------------------------------
     0 | Abyss:1  | Gargoyl the Ghoul Abyssal Knight began the quest for the Orb.
     0 | Abyss:1  | Reached XP level 1. HP: 19/19 MP: 1/1
    67 | Abyss:2  | Noticed a raiju
    86 | Abyss:3  | Noticed a flying skull
    86 | Abyss:3  | Noticed a flying skull
    86 | Abyss:3  | Noticed a flying skull
    86 | Abyss:3  | Noticed a flying skull
   124 | Abyss:4  | Noticed an ancient zyme
   134 | Abyss:4  | Noticed a starcursed mass
   135 | D:1      | Escaped the Abyss
   551 | D:1      | Reached XP level 2. HP: 26/26 MP: 2/2
   638 | D:1      | Reached * piety under Lugonu
   870 | D:1      | Reached skill level 4 in Fighting
  1315 | D:2      | Noticed Natasha
  1345 | D:2      | Slain by a shadow imp

Skill      XL: |  1  2 |
---------------+-------+-----
Fighting       | 4 |  4.0
Armour         | 2 |  2.0
Axes           | |  1.9
Dodging        | |  0.8
Invocations    | |  2.4

Action                   || total
-------------------------++-------
Melee: Hand axe          ||    76
Invok: Depart the Abyss  ||     1
  Use: Scroll            ||     2
       Potion            ||     3
  Eat: Chunk             ||     3
Armor: Plate armour      ||    88
Dodge: Dodged            ||    25
